 Dungeon Sprint DCSS version 0.23.0-3-gf3c87f2 (webtiles) character file.

Game seed: 12741042768434608874

2552 nuthulu the Unseen (level 9, -2/53 HPs)
             Began as a Spriggan Assassin on Feb 21, 2019.
             Was the Champion of Uskayaw.
             Slain by a bullfrog (3 damage)
             ... in the Dungeon (Sprint IX: "|||||||||||||||||||||||||||||").
             The game lasted 00:02:44 (902 turns).

nuthulu the Unseen (Spriggan Assassin)               Turns: 902, Time: 00:02:44

Health: -2/53      AC:  5    Str:  8    XL:     9   Next: 31%
Magic:  10/10      EV: 34    Int: 12    God:    Uskayaw [******]
Gold:   9          SH:  0    Dex: 20    Spells: 8/8 levels left

rFire    . . .     SeeInvis +   q - +4 rapier (drain)
rCold    . . .     Gourm    .   (shield restricted)
rNeg     . . .     Faith    .   c - +0 robe
rPois    .         Spirit   .   (helmet restricted)
rElec    .         Reflect  .   r - +0 cloak
rCorr    .         Harm     .   (gloves unavailable)
MR       +....     NoTele   +   (boots unavailable)
Stlth    +++++++...             (no amulet)
HPRegen  0.17/turn              s - +2 ring of protection
MPRegen  0.12/turn              t - +2 ring of evasion

@: very quick
A: very small, unfitting armour, see invisible, herbivore, speed 3, slow
metabolism 2
a: Stomp, Line Pass, Grand Finale, Renounce Religion


You were in the Dungeon.
You worshipped Uskayaw.
Uskayaw was noncommittal.
You were not hungry.

You visited 1 branch You collected 9 gold pieces.

Inventory:

Hand Weapons
 a - a +2 dagger
 b - a +0 blowgun
 q - a +4 rapier of draining (weapon)
Missiles
 e - 8 poisoned needles
 f - 2 curare-tipped needles
Armour
 c - a +0 robe (worn)
 d - a +0 cloak
 r - a +0 cloak (worn)
Jewellery
 j - an uncursed ring of protection from fire
 s - a +2 ring of protection (left hand)
 t - a +2 ring of evasion (right hand)
 u - an uncursed ring of wizardry
Wands
 p - a wand of iceblast (10)
Scrolls
 m - 3 scrolls of blinking
 n - 4 scrolls of remove curse
 o - 2 scrolls of amnesia
 w - a scroll of fog
 x - a scroll of identify
Potions
 h - 8 potions of curing
 i - 2 potions of heal wounds
 k - 4 potions of magic
 l - a potion of invisibility
Comestibles
 g - a ration


   Skills:
 + Level 9.3 Fighting
 + Level 11.8 Short Blades
 - Level 2.0 Throwing
 + Level 14.6 Dodging
 + Level 16.5 Stealth


You had 8 spell levels left.
You didn't know any spells.
Your spell library was empty.

Dungeon Overview and Level Annotations

Branches:
Dungeon (1/1)

Altars:
Cheibriados
Dithmenos
Elyvilon
Fedhas
Gozag
Hepliaklqana
Kikubaaqudgha
Makhleb
Nemelex Xobeh
Okawaru
Qazlal
Ru
Sif Muna
Trog
Uskayaw
Vehumet
Wu Jian
Xom
Yredelemnul
Zin
The Shining One
Beogh
Jiyva
Lugonu


Innate Abilities, Weirdness & Mutations

You are very small and have problems with some larger weapons.
You are too small for most types of armour.
You have supernaturally acute eyesight. (SInv)
You are a herbivore.
You cover ground extremely quickly.
You need to consume almost no food.


Message History

* * * LOW HITPOINT WARNING * * *
You hit the oklob plant.
The oklob plant is almost destroyed.
Unknown command.
You hit the oklob plant but do no damage.
The oklob plant is almost destroyed.
You hit the oklob plant but do no damage.
The oklob plant is almost destroyed.
The oklob plant spits acid at you. The splash of acid misses you.
Unknown command.
You hit the oklob plant but do no damage.
The oklob plant is almost destroyed.
Uskayaw prepares the audience for your solo!
Unknown command.
The helpless oklob plant fails to defend itself.
You skewer the oklob plant like a kebab!!!!
You destroy the oklob plant!
The bullfrog is no longer paralysed.
The bullfrog hits you.
You die...

▓▓▓▓▓▓▓▓▓▓▓▓▓▓▓▓▓▓▓▓
.........'††....@F.+
▓▓▓▓▓▓▓▓▓▓▓▓▓▓▓▓▓▓▓▓▓▓▓▓▓▓▓▓▓▓▓▓▓
.................................
▓▓▓▓▓▓▓▓▓▓▓▓▓▓▓▓▓▓▓▓▓▓▓▓▓▓▓▓▓▓▓▓▓
....'________________________'..|
▓▓▓▓▓▓▓▓▓▓▓▓▓▓▓▓▓▓▓▓▓▓▓▓▓▓▓▓▓▓▓▓▓


You could see a bullfrog.

Vanquished Creatures
  A deep elf mage (D)
  A black mamba (D)
  An oklob plant (D)
  A spiny frog (D)
  2 yaks (D)
  A vampire mosquito (D)
  A water moccasin (D)
  An orc warrior (D)
  A phantom (D)
  A centaur (D)
  2 crocodiles (D)
  A bullfrog (D)
  A scorpion (D)
  A hound (D)
  An iguana (D)
  2 orc wizards (D)
  2 worker ants (D)
  An adder (D)
  A leopard gecko (D)
  A bat skeleton (D)
  A goblin (D)
  A frilled lizard (D)
  A kobold (D)
  A leopard gecko zombie (D)
  2 rats (D)
30 creatures vanquished.

Notes
Turn   | Place    | Note
-------+----------+-------------------------------------------
     0 | D        | nuthulu the Spriggan Assassin began the quest for the Orb.
     0 | D        | Reached XP level 1. HP: 10/10 MP: 2/2
     5 | D        | Reached skill level 6 in Stealth
   107 | D        | Noticed an orc wizard
   107 | D        | Noticed a worker ant
   107 | D        | Noticed a scorpion
   107 | D        | Noticed a hound
   112 | D        | Killed an orc wizard
   112 | D        | Reached skill level 7 in Stealth
   112 | D        | Reached XP level 2. HP: 16/16 MP: 3/3
   112 | D        | Reached XP level 3. HP: 19/19 MP: 4/4
   116 | D        | Reached skill level 5 in Dodging
   116 | D        | Reached skill level 8 in Stealth
   121 | D        | Killed a scorpion
   121 | D        | Reached skill level 5 in Short Blades
   121 | D        | Reached skill level 9 in Stealth
   121 | D        | Reached XP level 4. HP: 25/25 MP: 5/5
   169 | D        | Found a roughly hewn altar of Beogh.
   169 | D        | Found a snail-covered altar of Cheibriados.
   169 | D        | Found a shadowy altar of Dithmenos.
   169 | D        | Found a white marble altar of Elyvilon.
   169 | D        | Found a blossoming altar of Fedhas.
   169 | D        | Found an opulent altar of Gozag.
   170 | D        | Found a hazy altar of Hepliaklqana.
   171 | D        | Found a viscous altar of Jiyva.
   172 | D        | Found an ancient bone altar of Kikubaaqudgha.
   173 | D        | Found a corrupted altar of Lugonu.
   174 | D        | Found a burning altar of Makhleb.
   175 | D        | Found a sparkling altar of Nemelex Xobeh.
   176 | D        | Found an iron altar of Okawaru.
   177 | D        | Found a stormy altar of Qazlal.
   178 | D        | Found a sacrificial altar of Ru.
   179 | D        | Found a deep blue altar of Sif Muna.
   180 | D        | Found a bloodstained altar of Trog.
   181 | D        | Found a hide-covered altar of Uskayaw.
   182 | D        | Found a radiant altar of Vehumet.
   183 | D        | Found an ornate altar of the Wu Jian Council.
   184 | D        | Found a shimmering altar of Xom.
   185 | D        | Found a basalt altar of Yredelemnul.
   186 | D        | Found a glowing silver altar of Zin.
   187 | D        | Found a glowing golden altar of the Shining One.
   189 | D        | Became a worshipper of Uskayaw the Reveler
   229 | D        | Noticed a centaur
   236 | D        | Reached XP level 5. HP: 30/30 MP: 6/6
   236 | D        | Reached * piety under Uskayaw
   242 | D        | Reached ** piety under Uskayaw
   243 | D        | Reached skill level 10 in Stealth
   247 | D        | Reached *** piety under Uskayaw
   250 | D        | Reached **** piety under Uskayaw
   254 | D        | Reached ***** piety under Uskayaw
   256 | D        | Killed a centaur
   256 | D        | Reached skill level 5 in Fighting
   256 | D        | Reached skill level 11 in Stealth
   256 | D        | Reached XP level 6. HP: 17/35 MP: 7/7
   266 | D        | Noticed a vampire mosquito
   266 | D        | Noticed a yak
   266 | D        | Noticed a deep elf mage
   266 | D        | Noticed an orc warrior
   288 | D        | Killed a vampire mosquito
   288 | D        | Reached skill level 10 in Dodging
   288 | D        | Reached skill level 12 in Stealth
   297 | D        | Reached ****** piety under Uskayaw
   304 | D        | Reached XP level 7. HP: 17/41 MP: 1/8
   323 | D        | Killed a yak
   323 | D        | Reached skill level 13 in Stealth
   342 | D        | Killed a deep elf mage
   342 | D        | Reached skill level 14 in Stealth
   342 | D        | Reached XP level 8. HP: 12/46 MP: 3/9
   352 | D        | Reached skill level 10 in Short Blades
   832 | D        | Noticed a spiny frog
   832 | D        | Noticed a black mamba
   835 | D        | Noticed an oklob plant
   836 | D        | Killed a spiny frog
   836 | D        | Reached skill level 15 in Stealth
   855 | D        | Killed a black mamba
   862 | D        | Reached XP level 9. HP: 37/52 MP: 10/10
   872 | D        | Reached skill level 16 in Stealth
   897 | D        | HP: 1/53 [acid (13)]
   902 | D        | Killed an oklob plant
   902 | D        | Slain by a bullfrog

Skill      XL: |  1  2  3  4  5  6  7  8  9 |
---------------+----------------------------+-----
Stealth        | 7 9 11 12 14 15 16 | 16.5
Dodging        | 4 6 7 9 10 12 13 14 | 14.6
Fighting       | 2 4 5 6 7 8 9 |  9.3
Short Blades   | 3 5 7 8 9 11 | 11.8
Throwing       | |  2.0

Action                   |  1- 3 |  4- 6 |  7- 9 || total
-------------------------+-------+-------+-------++-------
Melee: Dagger            |    33 |     2 |       ||    35
       Rapier            |       |    59 |   106 ||   165
Invok: Stomp             |       |     2 |       ||     2
  Use: Potion            |     1 |     2 |     1 ||     4
       Scroll            |       |       |     2 ||     2
 Stab: Sleeping          |     1 |       |     2 ||     3
       Paralysed         |       |     1 |     4 ||     5
Armor: Robe              |     3 |     3 |     1 ||     7
Dodge: Dodged            |    15 |    62 |    58 ||   135
